Map: Battle on the Boardwalk LE

Players

JohnSnow

  • Race: Terran Terran
  • Spawn Location: 11:00

A.I. 1 (Harder) - Winner!

  • Race: Protoss Protoss
  • Spawn Location: 1:00

VOD

Have the link to the VOD?

Description

Time

  • Played on: Jan. 14, 2018, 10:20 p.m.
  • Length: 18:16
Show
View Real Time Build Order
Export as new Build Order

JohnSnow Terran 

Build Orders: Reaper Expand, MMM Bio 

Get SALT Encoding   

  12  0:01  SCV  
  13  0:14  SCV  
  14  0:18  Supply Depot  
  14  0:26  SCV  
  15  0:40  SCV  
  16  0:44  Barracks  
  16  0:52  SCV  
  16  0:55  Refinery  
  17  1:04  SCV  
  18  1:31  Orbital Command  
  18  1:42  Command Center  
  18  1:43  Reaper  
  19  1:55  Barracks  
  19  2:01  Refinery  
  19  2:02  SCV  
  20  2:23  Barracks Reactor  
  20  2:39  SCV  
  21  2:48  Supply Depot  
  21  2:50  Factory  
  21  2:51  SCV  
  22  2:58  Orbital Command  
  22  3:03  SCV  
  23  3:06  Marine x2  
  23  3:10  Supply Depot  
  25  3:22  Barracks Tech Lab  
  25  3:24  Marine x2  
  27  3:42  Refinery  
  27  3:44  SCV x2  
  29  3:56  SCV x2  
  31  4:03  Factory Reactor  
  31  4:04  Starport  
  31  4:05  Stimpack  
  31  4:08  Marine x3  
  34  4:25  Bunker, Marine  
  34  4:26  Marine x2  
  37  4:56  Supply Depot, Factory Tech Lab  
  37  4:59  Medivac x2  
  41  5:21  Marine  
  41  5:22  Marine x2  
  41  5:24  Siege Tank  
  41  5:28  SCV x2  
  49  5:29  Medivac  
  51  5:39  Marine  
  51  5:40  SCV x2  
  54  5:43  Barracks  
  54  5:49  Supply Depot  
  54  5:52  SCV  
  54  5:56  Siege Tank  
  58  6:06  Command Center  
  58  6:13  Engineering Bay  
  58  6:26  Armory, Marine x3  
  58  6:32  Barracks  
  61  6:44  Marine x3, SCV x2  
  66  6:55  Terran Infantry Armor Level 1  
  66  6:56  SCV  
  66  6:57  SCV  
  68  7:03  Marine x2  
  70  7:14  Supply Depot  
  70  7:18  Medivac x2, Marine x2, Siege Tank, SCV x2  
  70  7:20  Orbital Command  
  81  7:30  SCV x2  
  83  7:37  Marine x2  
  83  7:38  Marine x3, Missile Turret  
  83  7:42  SCV x2  
  90  7:48  Medivac  
  92  7:54  SCV  
  93  7:59  Supply Depot  
  93  8:17  Refinery  
  93  8:21  Marine x2, Siege Tank, SCV x3  
  93  8:22  Supply Depot  
  101  8:34  Barracks  
  101  8:43  Marine x4  
  101  8:44  SCV x2, Marauder  
  101  8:46  Supply Depot  
  109  8:49  Terran Infantry Weapons Level 1  
  109  8:51  Supply Depot  
  109  8:57  SCV  
  109  8:58  Armory  
  109  9:06  Supply Depot  
  109  9:08  SCV, Marauder  
  112  9:23  Barracks  
  97  9:28  Marine x4  
  97  9:29  Marauder  
  99  9:34  Siege Tank  
  102  9:45  Bunker  
  102  9:46  Marine x4  
  102  9:48  SCV x3  
  102  9:50  Marine  
  110  9:57  Terran Vehicle Weapons Level 1  
  110  10:00  SCV x3  
  110  10:04  Marine x4  
  110  10:06  Siege Tank  
  120  10:09  Marauder  
  120  10:10  Refinery  
  120  10:13  Refinery  
  122  10:15  Barracks Reactor  
  122  10:17  Barracks Reactor  
  122  10:22  Combat Shields  
  122  10:26  SCV x2  
  122  10:27  SCV  
  125  10:43  Supply Depot, Terran Infantry Armor Level 2  
  125  11:04  Marine x4, SCV x2  
  125  11:05  Supply Depot, Marauder  
  133  11:27  Marine x2, Siege Tank, SCV, Marauder  
  141  11:35  Supply Depot  
  141  11:51  Terran Vehicle And Ship Armor Level 1  
  141  11:52  Missile Turret  
  141  11:56  Marine x2, SCV x3  
  141  11:57  Marauder  
  141  11:58  Supply Depot  
  148  12:08  SCV  
  148  12:10  Missile Turret  
  149  12:19  Marine, Siege Tank, SCV  
  149  12:20  Marauder  
  149  12:21  Supply Depot  
  156  12:28  Supply Depot  
  156  12:29  Missile Turret  
  156  12:31  SCV  
  157  12:43  Marauder  
  159  12:45  Marine x2  
  159  12:46  Marine x2  
  159  12:49  Missile Turret  
  163  12:51  Thor  
  163  12:52  Medivac x2  
  163  12:54  Supply Depot  
  173  12:58  Terran Infantry Weapons Level 2  
  173  13:20  Marine  
  173  13:31  Marine x2  
  173  13:33  Marine x2  
  173  13:38  Thor  
  166  13:52  Marauder  
  72  16:17  Command Center  
Show
View Real Time Build Order
Export as new Build Order

A.I. 1 (Harder) Protoss - Winner!

Build Orders: 1 Gate Expand 

Get SALT Encoding   

  12  0:00  Probe  
  13  0:13  Probe  
  14  0:19  Pylon  
  14  0:25  Probe  
  15  0:37  Probe  
  15  0:39  Gateway  
  16  0:49  Probe  
  17  1:10  Nexus  
  17  1:12  Probe  
  18  1:27  Zealot  
  18  1:29  Pylon  
  20  1:32  Assimilator  
  20  1:43  Probe, Cybernetics Core  
  21  1:55  Probe  
  22  2:07  Gateway  
  22  2:08  Probe  
  23  2:14  Assimilator  
  23  2:19  Stalker  
  25  2:23  Probe  
  25  2:24  Pylon  
  26  2:36  Probe  
  27  2:48  Warp Gate  
  27  2:49  Adept  
  29  2:53  Assimilator  
  29  2:57  Adept  
  31  3:03  Probe  
  32  3:06  Probe  
  33  3:15  Probe  
  33  3:16  Stalker  
  33  3:18  Probe  
  37  3:27  Probe  
  37  3:29  Gateway  
  37  3:30  Probe  
  38  3:39  Probe  
  39  3:42  Probe  
  39  3:43  Stalker  
  42  3:56  Stalker  
  44  4:14  Pylon, Sentry  
  46  4:26  Stargate  
  46  4:36  Robotics Facility  
  46  4:47  Probe  
  46  4:50  Probe  
  48  4:58  Pylon  
  48  4:59  Probe  
  49  5:02  Probe  
  50  5:08  Void Ray  
  50  5:10  Forge  
  50  5:11  Probe  
  55  5:18  Probe  
  56  5:23  Probe  
  56  5:25  Immortal  
  61  5:30  Probe  
  62  5:36  Probe  
  62  5:38  Zealot  
  62  5:41  Pylon  
  62  5:42  Probe  
  66  5:44  Protoss Ground Weapons Level 1  
  66  5:48  Probe  
  67  5:51  Zealot  
  67  5:54  Probe  
  70  6:00  Probe  
  70  6:02  Pylon  
  70  6:03  Stalker  
  73  6:06  Probe  
  74  6:12  Probe  
  74  6:16  Stalker  
  77  6:21  Twilight Council  
  77  6:26  Probe  
  77  6:28  Probe  
  77  6:29  Stalker, Pylon  
  81  6:38  Probe  
  82  6:42  Stalker  
  85  6:47  Probe  
  85  6:49  Pylon  
  85  6:50  Probe  
  86  6:55  Stalker  
  86  6:57  Blink  
  88  7:07  Observer  
  88  7:08  Assimilator, Sentry  
  91  7:11  Pylon  
  91  7:16  Photon Cannon  
  91  7:19  Photon Cannon  
  91  7:20  Void Ray  
  91  7:21  Pylon  
  95  7:25  Pylon  
  95  7:29  Observer  
  96  7:30  Probe  
  97  7:38  Protoss Ground Armor Level 1  
  97  7:50  Immortal  
  101  7:52  Forge  
  101  8:52  Warp Prism  
  103  8:56  Pylon  
  103  8:59  Nexus  
  103  9:01  Protoss Ground Weapons Level 2  
  103  9:16  Robotics Bay  
  103  9:18  Stargate  
  103  9:21  Pylon  
  89  9:24  Zealot  
  89  9:25  Gateway  
  89  9:27  Warp Prism  
  83  9:35  Protoss Ground Armor Level 2, Robotics Facility  
  83  9:58  Fleet Beacon  
  83  10:04  Observer  
  84  10:11  Probe  
  84  10:12  Probe x2  
  87  10:16  Assimilator  
  87  10:21  Warp Prism  
  87  10:23  Probe  
  87  10:24  Disruptor  
  87  10:25  Probe x2  
  87  10:27  Pylon  
  95  10:29  Pylon  
  95  10:31  Gateway  
  95  10:32  Assimilator  
  95  10:35  Probe, Stargate  
  95  10:37  Probe x2  
  95  10:42  Carrier  
  98  10:49  Photon Cannon x2  
  104  10:57  Disruptor  
  104  11:00  Disruptor  
  110  11:05  Observer Gravitic Boosters  
  110  11:18  Protoss Air Weapons Level 1, Protoss Shields Level 1  
  110  11:33  Disruptor  
  110  11:37  Immortal  
  117  11:42  Templar Archives  
  117  11:50  Dark Shrine  
  117  12:02  Gravitic Drive  
  117  12:22  Nexus  
  117  12:56  Zealot  
  117  12:57  Protoss Ground Weapons Level 3  
  119  12:58  Adept  
  119  13:00  Adept  
  119  13:03  Phoenix  
  119  13:05  Zealot  
  127  13:07  Zealot  
  127  13:08  Graviton Catapult  
  127  13:10  Phoenix  
  127  13:12  Protoss Air Armor Level 1, Protoss Ground Armor Level 3  
  131  13:16  Adept  
  131  13:18  Adept  
  135  13:20  Adept  
  135  13:21  Resonating Glaives  
  135  13:25  Adept  
  139  13:27  Sentry  
  141  13:36  Probe  
  141  13:37  Probe  
  141  13:39  Zealot  
  141  13:40  Probe  
  136  13:46  Pylon  
  136  13:47  Zealot  
  136  13:48  Probe  
  136  13:49  Probe  
  136  13:51  Zealot, Pylon  
  136  13:52  Assimilator, Probe  
  124  13:56  Sentry  
  124  14:00  Probe, Sentry  
  124  14:02  Probe  
  122  14:04  Probe  
  122  14:05  Adept  
  122  14:06  Assimilator  
  118  14:11  Zealot  
  118  14:13  Probe  
  118  14:14  Probe  
  118  14:16  Probe  
  113  14:19  Assimilator, Zealot  
  102  14:25  Adept, Probe  
  102  14:26  Probe  
  112  14:31  Sentry  
  112  14:32  Void Ray  
  101  14:39  Zealot  
  92  14:45  Pylon  
  92  14:46  Adept  
  92  14:48  Pylon  
  81  14:54  Zealot  
  81  14:56  Immortal, Probe x2  
  81  14:59  Zealot  
  89  15:06  Adept  
  85  15:08  Probe  
  85  15:09  Probe  
  85  15:12  Gateway  
  87  15:15  Zealot, Robotics Facility  
  87  15:19  Photon Cannon, Zealot  
  87  15:20  Probe  
  92  15:25  Photon Cannon  
  92  15:26  Adept  
  76  16:09  Pylon  
  76  16:16  Probe  
  75  16:28  Probe  
  75  16:39  Pylon  
  75  16:40  Probe  
  35  18:03  Nexus  
  35  18:11  Nexus  
Tags
 
Add a new tag
Caveats
  • Supply blocks, unpowered buildings, or Contaminate may cause inaccurate times.
  • Supply counts are checked every 10 seconds.